Map: King of Braxis Station

Players

MrFercho

  • Race: Zerg Zerg
  • Spawn Location: 7:00

tigro

  • Race: Terran Terran
  • Spawn Location: 1:00

TATORREA

  • Race: Terran Terran
  • Spawn Location: 3:00

David

  • Race: Protoss Protoss
  • Spawn Location: 11:00

Delta

  • Race: Protoss Protoss
  • Spawn Location: 5:00

IA (Difícil)

  • Race: Protoss Protoss
  • Spawn Location: 12:00

IA (Difícil)

  • Race: Terran Terran
  • Spawn Location: 9:00

IA (Difícil)

  • Race: Protoss Protoss
  • Spawn Location: 6:00

VOD

Have the link to the VOD?

Description

Time

  • Played on: April 5, 2020, 7:53 p.m.
  • Length: 64:31
Show
View Real Time Build Order
Export as new Build Order

MrFercho Zerg 

Build Orders: Pool First 

Get SALT Encoding   

  12  0:02  Drone  
  13  0:17  Overlord  
  13  0:21  Drone  
  13  0:26  Extractor  
  13  0:27  Drone  
  14  0:46  Spawning Pool, Drone  
  14  0:53  Drone  
  15  1:13  Extractor  
  15  1:15  Drone x2  
  15  1:17  Drone  
  17  1:39  Metabolic Boost  
  17  1:45  Drone x2  
  19  1:57  Evolution Chamber  
  18  2:10  Hatchery  
  18  2:13  Drone  
  18  2:14  Drone x2  
  20  2:42  Drone  
  20  2:43  Drone  
  22  3:00  Hatchery  
  22  3:03  Zergling x2  
  22  3:04  Overlord  
  22  3:09  Zerg Melee Weapons Level 1  
  22  3:31  Drone x3  
  24  4:13  Drone x2  
  24  4:14  Roach Warren, Drone  
  26  4:21  Zergling x4  
  26  4:22  Zergling x2  
  26  4:23  Zergling x2  
  30  4:44  Spine Crawler  
  29  4:49  Spine Crawler  
  28  4:54  Lair  
  28  4:58  Drone  
  28  4:59  Drone x2  
  31  5:06  Roach  
  31  5:07  Roach x3  
  37  5:09  Overlord x2  
  39  5:19  Zerg Ground Armor Level 1  
  39  5:35  Baneling Nest  
  38  5:43  Drone x3  
  41  5:53  Zergling x4  
  41  5:54  Zergling x8  
  41  6:06  Pneumatized Carapace  
  41  6:09  Zergling x8  
  31  6:39  Roach x3  
  39  6:40  Zergling x6, Roach  
  39  6:41  Zergling x4  
  44  7:11  Roach x3  
  44  7:12  Roach  
  44  7:13  Spine Crawler  
  51  7:18  Ravager  
  51  7:19  Ravager, Spine Crawler x2  
  51  7:29  Drone  
  52  7:30  Drone  
  53  7:48  Infestation Pit  
  53  7:49  Spire  
  53  7:50  Zerg Melee Weapons Level 2  
  53  7:51  Spire  
  50  7:57  Drone x4  
  41  9:43  Overseer  
  39  9:52  Zergling x6  
  42  9:53  Zergling x12  
  45  10:08  Hive  
  45  10:14  Zerg Ground Armor Level 2  
  37  10:51  Roach x3  
  37  10:52  Mutalisk x2  
  33  12:13  Zergling x10  
  33  12:14  Zergling x4  
  33  12:15  Zergling x2  
  37  12:16  Zergling x2  
  38  12:40  Adrenal Glands  
  38  12:51  Evolution Chamber  
  37  12:56  Evolution Chamber  
  36  13:01  Hydralisk Den  
  35  13:06  Drone x4  
  35  13:07  Ultralisk Cavern  
  35  13:08  Roach x3  
  35  13:10  Mutalisk  
  35  13:11  Corruptor  
  48  13:28  Hatchery  
  48  13:29  Hatchery  
  48  13:31  Hatchery  
  45  13:58  Spore Crawler  
  45  14:00  Spore Crawler  
  43  14:03  Ultralisk  
  43  14:05  Overlord x2  
  43  14:06  Overlord x4  
  43  14:07  Overlord  
  49  14:13  Roach  
  51  14:19  Zerg Melee Weapons Level 3, Zerg Ground Armor Level 3, Zerg Missile Weapons Level 1  
  51  14:26  Greater Spire  
  42  15:01  Zergling x2  
  42  15:02  Zergling x6  
  42  15:03  Roach x2, Hydralisk x2  
  42  15:04  Roach  
  56  15:41  Grooved Spines  
  56  16:00  Nydus Network  
  55  16:13  Drone x2  
  55  16:14  Drone x5  
  55  16:15  Drone x2  
  64  16:35  Zerg Flyer Weapons Level 1  
  64  16:43  Queen  
  66  16:53  Muscular Augments  
  66  17:06  Burrow  
  66  17:16  Nydus Canal  
  66  17:19  Queen  
  68  17:47  Overseer  
  68  17:48  Queen  
  70  17:51  Overlord x2  
  70  17:52  Overlord  
  70  17:54  Queen  
  58  19:04  Zergling x6  
  58  19:05  Zergling x2, Hydralisk x3  
  58  19:07  Roach x4  
  58  19:08  Roach  
  58  19:09  Ultralisk x2  
  90  19:15  Zergling x4  
  90  19:16  Zergling x8  
  96  20:00  Brood Lord  
  98  20:09  Hydralisk x4  
  98  20:10  Zergling x6  
  98  20:11  Zergling x12  
  98  20:12  Zergling x8  
  98  20:13  Zergling x12  
  121  20:44  Corruptor  
  121  20:45  Corruptor  
  115  22:56  Hatchery  
  114  23:31  Extractor  
  114  23:32  Extractor  
  109  24:07  Hydralisk x4  
  109  24:09  Ultralisk x3  
  132  24:10  Roach x3  
  132  24:11  Zergling x12  
  132  24:12  Zergling x6, Roach  
  132  24:13  Hydralisk, Mutalisk  
  127  24:38  Corruptor  
  127  24:39  Corruptor  
  131  24:46  Drone x3  
  123  26:28  Drone x3  
  126  26:48  Brood Lord, Corruptor x2  
  126  26:49  Corruptor  
  126  26:50  Corruptor  
  126  26:52  Overlord x4  
  126  26:53  Overlord x2  
  136  27:30  Hydralisk x3  
  136  27:31  Hydralisk x2  
  136  27:32  Roach x2  
  136  27:33  Roach x3  
  136  27:34  Zergling x8  
  136  27:35  Zergling x6, Hydralisk  
  164  28:30  Ravager x2  
  166  28:44  Baneling x4  
  166  28:45  Baneling x3  
  166  28:46  Baneling x3  
  166  28:47  Baneling  
  166  29:01  Ravager  
  167  29:06  Centrifical Hooks  
  167  29:07  Chitinous Plating  
  167  29:09  Glial Reconstitution  
  167  29:12  Zerg Missile Weapons Level 2  
  167  29:17  Zerg Flyer Weapons Level 2  
  167  29:18  Zerg Flyer Armor Level 1  
  76  30:11  Corruptor x4  
  76  30:12  Corruptor x3  
  90  30:15  Zergling x4  
  90  30:16  Zergling x12  
  90  30:17  Zergling x4  
  90  30:18  Hydralisk  
  102  30:26  Anabolic Synthesis  
  102  30:27  Tunneling Claws  
  102  30:56  Overlord  
  102  30:57  Overlord x3  
  102  31:09  Hydralisk x3  
  102  31:10  Hydralisk x2  
  112  31:12  Ultralisk, Hydralisk x2  
  112  31:13  Hydralisk  
  112  31:15  Hydralisk  
  126  31:42  Hatchery  
  125  32:00  Viper  
  125  32:01  Viper  
  128  32:05  Corruptor  
  56  33:12  Ultralisk x3  
  74  33:13  Zergling x6  
  74  33:14  Zergling x2  
  74  33:15  Zergling x14  
  74  33:16  Zergling x8  
  89  33:39  Drone x10  
  89  33:40  Drone x2  
  101  33:51  Drone  
  101  33:52  Drone x2  
  104  34:04  Baneling x9  
  104  34:05  Baneling x21  
  104  34:24  Unknown x2  
  103  34:27  Unknown  
  101  34:38  Drone x3  
  89  35:48  Corruptor  
  89  35:49  Corruptor x11  
  111  35:52  Hydralisk  
  111  35:53  Hydralisk x2  
  119  36:29  Overseer  
  119  36:47  Corruptor x2  
  119  36:48  Corruptor x9  
  89  39:37  Overseer  
  89  39:43  Corruptor x5  
  89  39:44  Corruptor x5  
  89  39:45  Corruptor x3  
  111  39:46  Corruptor x3  
  111  39:47  Corruptor x2  
  126  40:00  Drone x3  
  128  40:31  Zergling x8  
  128  40:32  Roach x4  
  128  40:33  Zergling x4, Hydralisk, Roach x3  
  128  40:34  Hydralisk x4  
  158  41:05  Nydus Canal  
  121  41:40  Zergling x2  
  121  41:41  Zergling x8, Hydralisk x2  
  121  41:42  Hydralisk x3  
  121  41:43  Roach x4  
  121  41:44  Roach  
  93  42:11  Corruptor x2  
  93  42:12  Corruptor x6  
  93  42:13  Corruptor x6  
  121  42:32  Zerg Flyer Weapons Level 3, Zerg Flyer Armor Level 2  
  121  42:34  Zerg Missile Weapons Level 3  
  121  42:37  Pathogen Glands  
  121  42:59  Lurker Den  
  121  43:02  Lurker Den  
  119  43:14  Drone  
  119  43:15  Drone x2  
  119  43:19  Drone x3  
  125  43:31  Corruptor x4  
  125  43:33  Corruptor x2, Neural Parasite  
  137  43:37  Ultralisk x4  
  137  43:38  Zergling x2, Roach  
  137  43:39  Zergling x2, Roach x2  
  137  43:40  Zergling x8  
  173  43:54  Hydralisk x4  
  181  43:56  Zergling x6  
  181  43:57  Roach x2  
  188  44:08  Ultralisk x2  
  200  44:52  Unknown  
  200  45:13  Nydus Canal  
  156  46:06  Corruptor x4  
  156  46:07  Corruptor  
  156  46:09  Roach x5  
  132  46:35  Hydralisk x3  
  132  46:36  Hydralisk  
  132  46:37  Hydralisk x3, Roach x4  
  132  46:38  Roach x3  
  132  46:39  Zergling x12  
  166  46:47  Ultralisk  
  166  46:52  Ultralisk x4  
  166  46:53  Hydralisk  
  176  47:35  Lurker  
  176  47:36  Lurker x4  
  181  47:38  Ravager  
  181  47:40  Ravager  
  181  47:43  Ultralisk x2  
  195  47:44  Hydralisk x2  
  158  48:47  Ultralisk x4  
  158  48:48  Ultralisk x2, Hydralisk x4  
  185  48:49  Roach  
  185  48:50  Roach x2  
  122  49:48  Corruptor x6  
  122  49:49  Corruptor x5  
  122  49:50  Corruptor x6  
  122  49:51  Corruptor x4  
  152  50:33  Nydus Canal  
  152  51:14  Overseer  
  152  51:38  Brood Lord  
  152  51:39  Brood Lord x19  
  200  51:40  Brood Lord x4  
  132  53:07  Corruptor  
  132  53:08  Corruptor x16  
  132  53:09  Corruptor x4  
  146  53:35  Overseer  
  146  54:05  Corruptor  
  146  54:06  Corruptor x14  
  146  54:07  Corruptor x4  
  71  55:30  Drone x3  
  71  55:31  Drone x9  
  78  55:46  Spawning Pool  
  28  57:22  Spawning Pool  
  27  58:13  Spore Crawler x2  
  27  58:14  Spore Crawler  
  27  58:17  Spore Crawler  
  27  58:18  Spore Crawler  
  27  58:19  Spore Crawler  
  21  58:20  Spore Crawler  
  21  58:21  Spore Crawler x2  
  21  58:22  Spore Crawler x3  
  21  58:23  Spore Crawler  
  21  58:24  Spore Crawler  
  21  58:25  Spore Crawler  
  12  58:28  Spore Crawler  
  11  58:39  Spore Crawler  
  10  58:42  Spore Crawler  
  10  58:47  Spore Crawler  
  8  59:25  Spore Crawler x2  
  6  59:32  Spore Crawler  
  6  59:33  Spore Crawler  
  4  60:16  Drone x2  
  4  60:18  Overlord  
  6  60:48  Drone  
  6  60:49  Drone  
  8  61:06  Drone x3  
  8  61:07  Drone x2  
  14  61:18  Drone  
  14  61:33  Overlord x4  
  14  62:05  Drone  
  14  62:06  Drone x4  
  19  62:28  Drone x2  
  19  62:29  Drone  
  22  62:57  Drone x2  
  22  62:58  Drone x4  
  28  63:17  Drone  
  29  63:35  Overlord x4  
Show
View Real Time Build Order
Export as new Build Order

tigro Terran 

Build Orders:  

Get SALT Encoding   

  12  0:04  SCV  
  13  0:19  Supply Depot  
  14  0:21  SCV  
  14  0:33  SCV  
  15  0:36  Refinery  
  15  0:42  Refinery  
  15  0:45  SCV  
  16  1:00  Barracks  
  16  1:05  SCV  
  17  1:18  SCV  
  18  1:30  SCV  
  19  1:42  SCV  
  20  1:57  Barracks Tech Lab  
  20  2:16  Barracks  
  20  2:25  Marauder  
  22  2:30  Orbital Command  
  22  2:47  Supply Depot  
  22  3:06  Marine  
  22  3:08  Marauder, Combat Shield  
  25  3:24  Marine  
  26  3:30  Marauder  
  28  3:41  Marine  
  29  3:51  Marauder  
  31  4:27  Concussive Shells  
  31  5:10  Stimpack  
  31  5:50  Barracks Tech Lab  
  31  5:51  Supply Depot  
  31  6:13  Marauder  
  33  6:33  Engineering Bay  
  33  6:39  Marine  
  34  6:57  Marine  
  35  7:14  Marauder, Factory  
  35  7:15  Marine  
  38  7:19  Terran Infantry Weapons Level 1  
  38  7:32  Marine  
  39  7:44  Marauder  
  41  7:50  Marine  
  42  7:53  SCV  
  43  8:01  Factory  
  43  8:05  Marauder  
  45  8:06  SCV  
  45  8:07  Factory Tech Lab  
  45  8:08  Marine  
  45  8:10  Missile Turret  
  47  8:18  SCV  
  48  8:26  Marauder  
  50  8:30  SCV  
  51  8:35  Infernal Pre-Igniter, Missile Turret  
  51  8:39  Siege Tank  
  54  8:42  SCV  
  54  8:48  Marauder  
  57  8:51  Armory  
  57  9:05  Factory Tech Lab  
  57  9:07  Missile Turret  
  57  9:13  Terran Infantry Armor Level 1  
  57  9:42  Missile Turret  
  57  9:54  Mag-Field Accelerator  
  57  10:01  Missile Turret  
  57  10:11  Starport  
  57  10:22  Missile Turret  
  57  10:41  Marine  
  58  10:47  Starport  
  58  10:50  Missile Turret  
  58  10:59  Marine  
  59  11:07  Neosteel Armor  
  59  11:16  Marine  
  59  11:17  Missile Turret  
  60  11:34  Medivac, Marine  
  60  11:38  Starport Tech Lab  
  63  11:53  Fusion Core  
  63  12:09  Missile Turret  
  63  12:14  Starport Tech Lab  
  63  12:36  Terran Vehicle Weapons Level 1  
  63  12:42  Supply Depot  
  63  12:45  Weapon Refit  
  63  12:47  Hi-Sec Auto Tracking  
  63  12:48  Corvid Reactor  
  63  12:50  Cloaking Field  
  63  12:55  Drilling Claws  
  63  13:03  Marine  
  64  13:14  Command Center  
  64  13:25  Raven  
  66  13:43  Marine  
  66  13:44  Terran Infantry Weapons Level 2  
  67  14:00  Marine  
  68  14:04  Missile Turret  
  68  14:10  Hyperflight Rotors  
  68  14:13  Smart Servos  
  68  14:18  Marine  
  69  14:25  Rapid Reignition System  
  69  14:31  Terran Vehicle And Ship Armor Level 1  
  69  14:36  Marine  
  70  14:41  Planetary Fortress  
  70  14:54  Marine  
  71  15:21  Advanced Ballistics  
  71  15:28  Missile Turret  
  71  15:59  Terran Infantry Armor Level 2  
  71  16:21  Command Center  
  71  16:25  Terran Ship Weapons Level 1  
  71  17:30  Supply Depot  
  71  17:35  Battlecruiser  
  77  17:45  Refinery  
  77  18:02  Planetary Fortress  
  77  18:10  Marine  
  78  18:13  Marine  
  78  18:15  Terran Infantry Weapons Level 3  
  78  18:19  Terran Vehicle Weapons Level 2  
  79  18:25  Supply Depot  
  79  18:28  Marine  
  79  18:31  Marine  
  81  18:40  Battlecruiser  
  87  18:46  Marine  
  87  18:47  Hellbat  
  90  18:49  Marine  
  90  18:51  Hellbat  
  93  19:03  Viking, Marine  
  93  19:07  Marine  
  93  19:08  Hellbat, SCV  
  100  19:12  Hellbat  
  102  19:20  SCV  
  102  19:21  Marine  
  104  19:24  Marine  
  104  19:29  Hellbat  
  107  19:33  SCV  
  107  19:34  Hellbat  
  110  19:39  Marine  
  110  19:42  Marine  
  110  19:45  SCV  
  111  19:51  Hellbat  
  106  19:55  Hellbat  
  106  19:57  Marine, SCV  
  103  20:00  Marine  
  86  20:12  Hellbat  
  72  20:16  Hellbat  
  53  20:34  Terran Vehicle And Ship Armor Level 2  
  43  20:41  Marine  
  44  20:44  Marine  
  44  20:48  Battlecruiser  
  51  20:55  Refinery  
  51  20:59  Marine  
  51  21:02  Marine  
  53  21:06  Medivac  
  55  21:17  Marine  
  56  21:20  Marine  
  57  21:35  Marine  
  57  21:36  Battlecruiser  
  57  21:38  Marine  
  65  21:52  Viking, Marine  
  68  21:55  Marine  
  68  21:57  Missile Turret  
  69  22:10  Marine  
  69  22:11  SCV  
  69  22:13  Marine  
  72  22:22  Medivac  
  74  22:23  SCV  
  75  22:35  SCV  
  76  22:39  Marine  
  76  22:42  Marine  
  76  22:43  Missile Turret  
  78  22:47  SCV  
  79  22:53  Missile Turret  
  79  22:57  Marine  
  80  22:59  SCV  
  80  23:00  Marine  
  82  23:13  Battlecruiser  
  82  23:15  Marine, Battlecruiser  
  82  23:16  Missile Turret  
  82  23:17  Marine  
  96  23:21  Missile Turret  
  96  23:32  Marine  
  97  23:35  Marine  
  98  23:48  Thor  
  98  23:50  Thor, Marine  
  98  23:53  Marine  
  112  24:00  Command Center  
  112  24:08  Marine, Missile Turret  
  113  24:11  Marine  
  114  24:18  Battlecruiser  
  114  24:20  Battlecruiser  
  126  24:26  Marine  
  126  24:29  Marine  
  128  24:44  Marine  
  129  24:47  Marine  
  130  24:56  Missile Turret  
  130  25:01  Marine  
  131  25:10  Missile Turret  
  131  25:18  Missile Turret  
  131  25:19  Marine  
  132  25:22  Battlecruiser  
  132  25:24  Medivac  
  140  26:26  Raven  
  142  27:08  Planetary Fortress  
  142  27:29  Command Center  
  142  27:34  Missile Turret  
  142  27:39  Battlecruiser  
  142  27:41  Battlecruiser  
  154  28:00  Terran Vehicle Weapons Level 3  
  154  28:33  SCV  
  155  28:43  Battlecruiser  
  155  28:45  Battlecruiser, Missile Turret x2  
  167  28:52  Missile Turret  
  167  29:04  Terran Infantry Armor Level 3  
  167  29:17  Command Center  
  167  29:20  Planetary Fortress  
  167  29:48  Command Center  
  167  30:18  Supply Depot  
  167  30:29  Battlecruiser  
  173  30:37  Terran Vehicle And Ship Armor Level 3  
  173  30:46  Missile Turret  
  34  32:37  Battlecruiser  
  34  32:42  SCV  
  41  32:55  SCV  
  42  33:04  Battlecruiser  
  42  33:07  SCV  
  43  33:13  Terran Ship Weapons Level 2  
  43  33:19  SCV  
  44  33:21  Planetary Fortress  
  44  33:31  SCV  
  45  33:36  Planetary Fortress  
  45  33:41  Battlecruiser  
  45  33:42  Missile Turret  
  51  33:50  Refinery  
  51  33:53  Refinery  
  51  34:08  Battlecruiser  
  57  34:25  Missile Turret  
  57  34:45  Battlecruiser  
  63  35:13  Battlecruiser  
  69  35:33  SCV  
  70  35:45  SCV  
  77  35:50  Battlecruiser  
  77  35:56  Missile Turret  
  77  35:57  SCV  
  78  36:09  SCV  
  79  36:17  Battlecruiser, Missile Turret  
  85  36:21  SCV  
  85  36:37  Supply Depot  
  85  36:54  Raven  
  77  37:21  Raven  
  79  38:04  Battlecruiser  
  85  38:59  Battlecruiser  
  91  39:08  Raven  
  93  39:19  Supply Depot  
  93  40:03  Battlecruiser  
  99  40:12  Terran Ship Weapons Level 3  
  99  40:44  Battlecruiser  
  105  41:27  Battlecruiser  
  111  41:45  Missile Turret  
  111  41:51  Marine  
  111  41:53  Marine  
  113  42:09  Marine  
  113  42:11  Marine  
  113  42:13  Battlecruiser  
  121  42:26  Marine  
  121  42:29  Marine  
  117  42:44  Marine  
  117  42:47  Marine  
  83  43:02  Marine  
  83  43:04  Marine  
  55  43:20  Marine  
  55  43:22  Marine  
  57  43:30  Medivac  
  32  44:00  Missile Turret  
  28  44:21  Missile Turret  
Show
View Real Time Build Order
Export as new Build Order

TATORREA Terran 

Build Orders: 2 Factory 

Get SALT Encoding   

  12  0:21  Refinery  
  12  0:26  Supply Depot  
  12  0:36  Refinery  
  12  0:44  Engineering Bay  
  12  0:48  Supply Depot, SCV  
  13  1:01  SCV  
  14  1:13  SCV  
  15  1:21  Barracks  
  15  2:13  Supply Depot  
  15  2:15  Factory  
  15  3:10  Supply Depot  
  15  3:17  Factory  
  15  3:18  Factory Tech Lab  
  15  3:20  Barracks Tech Lab  
  15  3:33  SCV  
  16  3:45  Supply Depot  
  16  3:46  SCV  
  17  3:56  Siege Tank  
  17  3:58  SCV  
  21  4:04  Armory  
  21  4:05  Factory Tech Lab  
  21  4:07  Supply Depot  
  21  4:10  SCV  
  22  4:22  SCV  
  23  4:26  Siege Tank  
  26  4:49  Hellion  
  28  4:58  Marine  
  29  5:10  Hellion  
  31  5:14  Starport  
  31  5:16  Marine  
  32  5:31  Hellbat  
  32  5:32  Hellion  
  32  5:33  Marine  
  37  5:51  Marine  
  37  5:53  Hellbat, Cyclone  
  43  6:01  Starport Tech Lab  
  43  6:02  Fusion Core  
  43  6:09  Marine  
  44  6:14  Hellbat  
  46  6:25  Hellbat  
  48  6:35  Siege Tank  
  48  6:37  Orbital Command  
  51  6:59  Missile Turret  
  51  7:03  Command Center  
  51  7:20  Missile Turret  
  51  7:42  Missile Turret  
  51  8:09  Missile Turret  
  51  8:17  Planetary Fortress  
  51  8:18  Command Center  
  51  8:29  Missile Turret  
  51  8:30  Hellbat  
  53  8:36  Viking  
  55  8:51  Hellbat  
  57  8:56  Missile Turret  
  57  9:13  Hellbat x2  
  57  9:16  Missile Turret  
  61  9:23  Hi-Sec Auto Tracking  
  61  9:34  Hellbat  
  61  9:35  Hellbat  
  65  9:51  Missile Turret  
  65  9:56  Hellbat  
  67  10:12  Missile Turret  
  67  10:13  Missile Turret  
  67  10:20  Neosteel Armor  
  67  10:33  Terran Vehicle Weapons Level 1, Missile Turret  
  67  10:37  Missile Turret  
  67  10:56  Missile Turret  
  67  10:58  Missile Turret  
  67  11:14  Banshee  
  67  11:17  Missile Turret  
  70  11:19  Missile Turret  
  70  11:43  Missile Turret  
  70  11:57  Viking  
  70  12:00  Terran Infantry Weapons Level 1  
  72  12:03  Missile Turret  
  72  12:07  Missile Turret  
  72  12:10  Hellbat  
  74  12:28  Terran Ship Weapons Level 1  
  74  12:31  Hellbat  
  74  12:34  Planetary Fortress  
  76  12:51  Missile Turret  
  76  13:13  Missile Turret  
  76  13:17  Missile Turret  
  76  13:38  Missile Turret  
  76  13:41  Command Center  
  76  13:54  Terran Infantry Armor Level 1  
  76  14:09  Supply Depot  
  76  14:22  Terran Vehicle And Ship Armor Level 1  
  76  14:32  Supply Depot  
  76  14:58  Planetary Fortress  
  76  15:16  Command Center  
  76  15:21  Hellbat  
  78  15:34  Marine  
  79  15:38  Hellbat  
  79  15:42  Hellbat  
  83  15:48  Terran Infantry Weapons Level 2  
  83  15:51  Marine  
  83  15:56  Combat Shield  
  84  16:00  Hellbat  
  84  16:04  Smart Servos, Hellbat  
  88  16:09  Marine  
  89  16:16  Terran Vehicle Weapons Level 2  
  89  16:21  Hellbat  
  89  16:25  Hellbat, Drilling Claws  
  93  16:27  Marine  
  94  16:43  Hellbat  
  94  16:45  Marine  
  94  16:46  Hellbat  
  99  16:56  Planetary Fortress  
  99  17:03  Cloaking Field  
  99  17:04  Hellbat  
  101  17:10  Banshee  
  101  17:15  Stimpack  
  104  17:23  Mag-Field Accelerator  
  104  17:29  Supply Depot  
  104  17:43  Infernal Pre-Igniter  
  104  17:53  Viking, Supply Depot  
  106  18:04  Terran Infantry Armor Level 2  
  106  18:15  Supply Depot  
  106  18:23  Hyperflight Rotors  
  106  18:31  Terran Ship Weapons Level 2  
  106  18:38  Supply Depot  
  106  18:45  Hellbat  
  108  18:54  Concussive Shells  
  108  19:00  Supply Depot  
  108  19:06  Hellbat  
  110  19:22  Supply Depot  
  110  19:28  Hellbat  
  112  19:36  Weapon Refit  
  112  19:46  Supply Depot  
  112  19:49  Hellbat  
  114  20:09  Supply Depot  
  114  20:10  Hellbat  
  116  20:17  Battlecruiser  
  116  20:20  Terran Infantry Weapons Level 3  
  122  20:33  Supply Depot  
  122  20:47  Terran Vehicle And Ship Armor Level 2  
  122  21:02  Starport  
  122  21:41  Starport Tech Lab  
  122  21:46  Command Center  
  122  22:57  Terran Infantry Armor Level 3  
  122  23:03  Terran Vehicle Weapons Level 3  
  44  24:13  Thor  
  44  24:14  Thor  
  56  24:18  Battlecruiser  
  56  24:19  Battlecruiser  
  56  24:23  Marine  
  67  24:41  Marine  
  60  24:56  Thor  
  60  24:59  Marine  
  64  25:17  Marine  
  51  25:35  Marine  
  46  26:06  Missile Turret, Siege Tank  
  46  26:08  Siege Tank  
  52  26:37  Thor  
  58  26:40  Siege Tank  
  61  28:33  Command Center  
  61  28:47  Thor  
  67  28:49  Thor  
  67  28:52  Battlecruiser  
  79  28:59  Marine  
  80  29:17  Marine  
  81  29:31  Hellbat  
  83  29:32  Hellbat  
  83  29:34  Marine  
  86  29:47  Planetary Fortress  
  86  29:50  Command Center  
  86  29:52  Hellbat, Marine  
  88  29:54  Hellbat  
  91  30:10  Marine  
  91  30:13  Hellbat  
  94  30:15  Hellbat  
  96  30:35  Hellbat  
  98  30:36  Hellbat  
  100  30:54  Terran Vehicle And Ship Armor Level 3  
  100  30:56  Thor  
  106  30:57  Thor  
  112  31:05  Command Center  
  112  31:21  Planetary Fortress  
  114  31:40  Hellbat  
  114  31:42  Hellbat  
  114  31:44  Marine  
  119  32:01  Hellbat  
  119  32:02  Marine  
  119  32:03  Hellbat  
  122  32:20  Marine  
  122  32:22  Refinery  
  125  32:23  Hellbat  
  125  32:24  Hellbat  
  127  32:34  Planetary Fortress  
  127  32:37  Marine  
  130  32:44  Hellbat  
  130  32:46  Hellbat  
  130  32:47  SCV  
  133  32:55  Marine  
  134  32:59  SCV  
  137  33:05  Hellbat  
  137  33:07  Hellbat  
  139  33:22  Marine  
  139  33:26  Thor  
  146  33:28  Hellbat  
  146  33:31  Terran Ship Weapons Level 3  
  148  33:40  Marine  
  149  33:50  Hellbat  
  151  33:58  Marine  
  152  34:09  Hellbat  
  154  34:11  Hellbat  
  154  34:16  Marine  
  157  34:17  Command Center  
  157  34:31  Hellbat  
  159  34:33  Hellbat, Marine  
  162  34:52  Hellbat  
  164  35:33  Command Center  
  164  35:41  Planetary Fortress  
  164  35:50  Viking  
  164  35:52  Viking  
  168  36:03  Thor  
  174  36:20  Viking  
  174  36:22  Viking  
  178  36:49  Command Center  
  178  36:50  Viking  
  178  36:52  Viking  
  178  36:53  Orbital Command  
  182  37:20  Viking  
  182  37:22  Viking  
  186  37:47  Missile Turret  
  186  37:50  Viking  
  188  37:51  Viking  
  190  38:04  Refinery  
  190  38:08  Missile Turret  
  190  38:10  Planetary Fortress  
  190  38:31  Missile Turret  
  190  38:37  Viking  
  190  38:39  Viking  
  194  38:53  Missile Turret  
  194  39:07  Viking  
  194  39:09  Viking  
  198  39:15  Missile Turret  
  198  39:36  Missile Turret  
  198  39:37  Viking  
  200  39:56  Missile Turret  
  31  41:52  Thor  
  37  41:55  Thor  
  43  42:03  Battlecruiser  
  43  42:05  Battlecruiser  
  55  42:18  SCV  
  56  42:29  SCV  
  57  42:30  SCV  
  57  42:35  Thor  
  64  42:38  Thor  
  70  43:09  Battlecruiser  
  76  43:18  Thor  
  82  43:21  Thor  
  88  43:29  Battlecruiser  
  88  43:30  Marine  
  95  43:48  Marine  
  96  44:01  Thor  
  102  44:04  Thor  
  102  44:06  Marine  
  109  44:13  Battlecruiser  
  115  44:24  Marine  
  115  44:30  Missile Turret  
  116  44:41  Marine  
  116  44:45  Missile Turret  
  117  44:49  Missile Turret  
  117  44:51  Missile Turret  
  117  44:58  Missile Turret  
  117  44:59  Missile Turret  
  117  45:03  Missile Turret  
  117  45:04  Missile Turret  
  117  45:09  Missile Turret  
  117  45:14  Missile Turret  
  7  48:09  SCV  
  8  48:30  Engineering Bay  
  8  48:34  SCV  
  9  48:46  SCV  
  10  48:59  SCV  
  11  49:04  Missile Turret  
  11  49:11  SCV  
  11  49:17  Missile Turret  
  12  49:23  SCV, Missile Turret  
  13  49:27  Missile Turret  
  13  49:35  Missile Turret  
  13  49:37  Missile Turret  
  13  49:46  Missile Turret x2  
  13  49:51  Missile Turret  
  13  49:55  Missile Turret  
  13  50:00  Missile Turret  
  13  50:10  Missile Turret x2  
  13  50:20  Missile Turret x2  
  13  50:23  Missile Turret  
  13  50:29  Missile Turret  
  13  50:33  Missile Turret  
  13  50:47  Missile Turret  
  13  50:52  Missile Turret  
  13  50:54  Missile Turret  
  13  50:56  Missile Turret  
  13  51:00  Missile Turret  
  13  51:15  Missile Turret  
  13  51:22  Missile Turret  
  13  52:01  SCV  
  14  52:13  SCV  
  15  52:54  SCV  
  16  53:06  SCV  
  16  53:10  Missile Turret  
  17  53:19  SCV  
  18  53:29  Missile Turret  
  18  53:31  SCV  
  19  53:51  Supply Depot  
  19  53:54  Missile Turret  
  19  54:13  Missile Turret  
  19  54:33  Missile Turret  
  19  54:43  Barracks  
  19  54:53  Missile Turret  
  19  54:54  Missile Turret  
  19  55:13  Missile Turret  
  19  55:14  Missile Turret  
  19  55:32  Missile Turret  
  19  55:34  Missile Turret  
  19  55:50  Factory  
  19  55:58  Barracks Reactor  
  19  56:08  Missile Turret  
  19  56:16  Missile Turret  
  19  56:27  Missile Turret  
  19  56:35  Factory, Missile Turret  
  19  56:41  Marine x2  
  19  56:46  Factory Tech Lab  
  21  56:59  Marine x2  
  23  57:02  Missile Turret  
  23  57:09  Missile Turret  
  23  57:16  Marine  
  23  57:17  Marine  
  23  57:22  Missile Turret  
  25  57:23  Armory  
  25  57:28  Missile Turret  
  25  57:34  Marine x2  
  27  57:37  Factory Tech Lab  
  27  57:42  Missile Turret  
  26  57:48  Missile Turret  
  19  58:08  Missile Turret  
  19  58:21  Thor  
  24  58:48  Thor  
  16  59:04  Thor  
  20  59:46  Thor  
Show
View Real Time Build Order
Export as new Build Order

David Protoss 

Build Orders: Carriers, Carrier Rush 

Get SALT Encoding   

  12  0:02  Probe  
  13  0:17  Pylon  
  13  0:22  Probe  
  14  0:31  Assimilator  
  14  0:34  Probe  
  15  0:45  Gateway  
  15  0:46  Probe  
  16  0:58  Probe  
  17  1:10  Probe  
  18  1:15  Forge  
  18  1:22  Probe  
  19  1:34  Probe  
  19  1:36  Assimilator  
  20  1:46  Probe  
  21  1:49  Cybernetics Core  
  21  1:53  Zealot  
  23  2:06  Pylon  
  23  2:24  Probe  
  23  2:25  Pylon  
  23  2:29  Pylon  
  24  2:32  Protoss Ground Weapons Level 1  
  24  2:36  Pylon, Probe  
  25  2:48  Probe  
  25  2:49  Protoss Air Weapons Level 1  
  26  2:53  Pylon  
  26  2:58  Photon Cannon  
  26  3:00  Probe  
  26  3:02  Zealot  
  29  3:12  Probe  
  30  3:16  Stargate  
  30  3:43  Stargate  
  30  3:47  Zealot  
  32  4:04  Fleet Beacon  
  32  4:14  Zealot  
  34  4:25  Photon Cannon  
  34  4:32  Pylon  
  34  4:33  Pylon  
  34  4:35  Pylon  
  34  4:37  Pylon  
  34  4:39  Pylon  
  34  4:52  Carrier  
  40  5:11  Protoss Ground Armor Level 1  
  40  5:26  Photon Cannon  
  40  5:29  Photon Cannon  
  40  5:43  Pylon  
  40  5:44  Zealot  
  42  5:50  Carrier  
  48  6:34  Protoss Air Armor Level 1  
  48  6:53  Zealot  
  50  7:04  Carrier  
  56  7:20  Zealot  
  54  7:44  Gateway  
  54  7:47  Zealot  
  54  7:48  Gateway  
  54  7:50  Gateway  
  56  7:51  Gateway  
  56  7:54  Gateway  
  56  8:14  Zealot  
  58  8:30  Pylon  
  58  8:32  Pylon  
  58  8:33  Pylon  
  58  8:35  Pylon  
  58  8:37  Pylon  
  58  8:38  Pylon  
  58  8:41  Zealot x3  
  62  8:59  Tempest  
  67  9:11  Photon Cannon  
  67  9:30  Pylon  
  67  9:38  Pylon  
  67  9:42  Carrier  
  73  9:50  Tempest  
  78  10:10  Protoss Shields Level 1  
  78  10:24  Protoss Air Weapons Level 2  
  78  10:43  Tempest  
  83  11:05  Zealot  
  85  11:13  Photon Cannon  
  85  11:22  Photon Cannon  
  85  11:38  Stargate  
  85  12:16  Oracle  
  88  12:26  Zealot  
  88  12:28  Zealot  
  92  12:30  Zealot  
  94  12:53  Robotics Facility  
  94  13:15  Carrier  
  100  13:29  Photon Cannon  
  100  13:34  Photon Cannon  
  100  13:49  Pylon  
  100  13:51  Pylon  
  100  13:53  Pylon  
  100  13:55  Pylon  
  100  13:57  Pylon  
  100  14:15  Photon Cannon  
  100  14:25  Pylon  
  100  14:35  Observer  
  100  14:37  Carrier  
  107  14:51  Photon Cannon  
  107  15:02  Pylon  
  107  15:05  Carrier  
  113  15:28  Zealot x3  
  115  15:33  Zealot x2  
  115  15:34  Zealot  
  125  15:46  Photon Cannon  
  125  15:48  Tempest  
  130  15:55  Zealot  
  130  15:57  Observer  
  138  17:08  Carrier  
  134  19:09  Carrier  
  140  19:11  Carrier  
  146  20:30  Nexus  
  146  20:37  Tempest  
  146  20:42  Pylon  
  109  21:49  Photon Cannon  
  109  21:53  Photon Cannon  
  101  22:02  Photon Cannon  
  101  22:14  Photon Cannon  
  101  22:17  Photon Cannon  
  101  22:21  Photon Cannon  
  101  22:24  Photon Cannon  
  101  22:25  Photon Cannon, Probe  
  102  22:31  Photon Cannon  
  102  22:32  Photon Cannon  
  102  22:34  Photon Cannon  
  102  22:37  Probe  
  102  22:42  Carrier x3  
  121  22:49  Probe  
  122  22:55  Assimilator  
  122  23:01  Probe  
  122  23:04  Assimilator  
  123  23:09  Pylon  
  123  23:13  Probe  
  124  23:25  Photon Cannon  
  124  23:36  Photon Cannon  
  124  23:38  Photon Cannon  
  124  23:42  Photon Cannon  
  124  23:46  Carrier  
  130  23:59  Probe  
  131  24:10  Photon Cannon  
  131  24:11  Probe  
  131  24:12  Photon Cannon  
  131  24:16  Photon Cannon  
  132  24:18  Photon Cannon  
  132  24:19  Photon Cannon  
  132  24:23  Photon Cannon, Probe  
  133  24:25  Photon Cannon  
  133  24:35  Probe  
  134  24:42  Probe  
  135  24:47  Probe  
  136  24:59  Probe  
  137  25:10  Carrier  
  137  25:13  Tempest  
  148  25:21  Anion Pulse-Crystals  
  148  25:24  Observer  
  149  25:35  Probe  
  150  25:47  Probe  
  151  25:59  Tempest, Probe  
  157  26:05  Carrier  
  163  26:11  Probe  
  164  26:23  Probe  
  165  26:27  Unknown  
  165  26:35  Probe  
  165  26:39  Observer  
  167  26:47  Protoss Air Armor Level 2  
  167  27:07  Carrier  
  173  27:10  Carrier  
  179  27:21  Carrier  
  185  27:34  Probe  
  186  27:47  Photon Cannon, Probe  
  186  27:50  Photon Cannon  
  187  27:54  Pylon  
  187  27:59  Probe  
  187  28:01  Pylon  
  188  28:11  Probe  
  189  28:12  Nexus  
  189  28:23  Carrier, Probe  
  196  28:35  Probe  
  197  28:46  Photon Cannon  
  197  28:47  Probe  
  198  28:48  Photon Cannon  
  198  28:50  Photon Cannon  
  198  28:55  Photon Cannon  
  198  29:02  Photon Cannon  
  198  29:05  Photon Cannon  
  198  29:08  Photon Cannon x2  
  198  29:11  Photon Cannon  
  198  29:13  Photon Cannon  
  198  29:15  Photon Cannon  
  198  29:24  Photon Cannon  
  198  29:25  Protoss Air Weapons Level 3  
  197  30:19  Pylon  
  197  31:23  Photon Cannon  
  197  31:26  Photon Cannon  
  197  31:30  Photon Cannon  
  197  31:32  Photon Cannon  
  197  31:34  Photon Cannon  
  197  31:37  Photon Cannon  
  197  31:42  Pylon  
  186  32:23  Protoss Air Armor Level 3  
  186  32:34  Carrier x2  
  192  33:06  Probe  
  193  33:16  Photon Cannon  
  193  33:18  Photon Cannon, Probe  
  194  33:21  Photon Cannon  
  194  33:22  Photon Cannon  
  194  33:25  Photon Cannon  
  194  33:31  Probe  
  195  33:35  Pylon  
  195  33:44  Pylon  
  195  33:47  Pylon  
  195  34:06  Photon Cannon  
  195  34:08  Photon Cannon  
  195  34:11  Photon Cannon  
  195  34:12  Photon Cannon  
  195  34:18  Pylon  
  195  34:22  Photon Cannon  
  195  34:23  Photon Cannon  
  195  34:24  Photon Cannon  
  195  34:25  Photon Cannon  
  195  34:28  Photon Cannon  
  195  34:30  Photon Cannon  
  195  34:32  Photon Cannon  
  195  34:34  Photon Cannon  
  195  34:35  Photon Cannon  
  195  34:37  Photon Cannon  
  195  34:40  Photon Cannon  
  195  34:42  Photon Cannon  
  195  34:43  Photon Cannon  
  195  34:44  Photon Cannon  
  195  34:45  Photon Cannon  
  195  34:49  Photon Cannon  
  195  34:51  Photon Cannon  
  195  34:54  Photon Cannon  
  195  34:55  Photon Cannon  
  195  34:57  Photon Cannon  
  195  35:00  Photon Cannon  
  195  35:03  Photon Cannon  
  195  35:05  Photon Cannon  
  195  35:06  Photon Cannon  
  195  35:09  Photon Cannon  
  195  35:12  Photon Cannon  
  195  35:14  Photon Cannon  
  195  35:16  Photon Cannon  
  195  35:19  Photon Cannon  
  195  35:21  Photon Cannon  
  195  35:24  Photon Cannon x2  
  195  35:31  Photon Cannon  
  195  35:35  Photon Cannon x2  
  195  35:37  Photon Cannon  
  195  35:39  Photon Cannon  
  195  35:43  Photon Cannon  
  195  35:55  Observer  
  196  36:12  Photon Cannon  
  197  38:06  Observer  
  198  38:27  Observer  
  199  38:48  Observer  
  199  38:55  Photon Cannon  
  200  39:10  Observer  
  194  39:37  Carrier  
  200  40:04  Twilight Council  
  200  40:08  Robotics Bay  
  200  40:14  Photon Cannon  
  200  40:16  Photon Cannon  
  200  40:20  Photon Cannon  
  182  41:55  Carrier x3  
  194  42:13  Photon Cannon  
  194  42:16  Photon Cannon  
  194  42:18  Photon Cannon  
  194  42:19  Photon Cannon  
  194  42:21  Photon Cannon  
  194  42:23  Photon Cannon  
  194  42:25  Photon Cannon  
  194  42:27  Photon Cannon  
  194  42:29  Photon Cannon  
  194  42:30  Photon Cannon  
  194  42:32  Photon Cannon  
  193  42:59  Carrier  
  195  43:29  Photon Cannon  
  195  43:31  Photon Cannon  
  195  44:11  Photon Cannon  
  195  44:13  Probe  
  195  44:15  Photon Cannon x2  
  196  44:18  Photon Cannon  
  196  44:19  Photon Cannon  
  196  44:21  Photon Cannon  
  196  44:22  Photon Cannon  
  196  44:25  Probe  
  197  44:33  Photon Cannon  
  197  44:35  Photon Cannon  
  197  44:37  Photon Cannon, Probe  
  198  44:40  Photon Cannon  
  198  44:41  Photon Cannon  
  198  44:43  Photon Cannon  
  198  44:45  Photon Cannon  
  198  44:46  Photon Cannon  
  192  45:38  Carrier  
  198  45:54  Photon Cannon  
  198  45:55  Photon Cannon  
  198  45:57  Photon Cannon  
  198  45:59  Photon Cannon  
  198  46:00  Photon Cannon  
  198  46:02  Photon Cannon  
  198  46:04  Photon Cannon  
  198  46:05  Photon Cannon  
  198  46:07  Photon Cannon  
  198  46:25  Photon Cannon  
  198  46:29  Photon Cannon  
  198  46:33  Pylon  
  198  46:38  Pylon  
  192  46:50  Photon Cannon  
  192  46:51  Photon Cannon  
  192  46:54  Photon Cannon  
  192  46:55  Photon Cannon  
  192  46:58  Photon Cannon  
  192  46:59  Photon Cannon  
  192  47:00  Photon Cannon  
  192  47:01  Photon Cannon  
  192  47:29  Photon Cannon  
  192  47:32  Photon Cannon  
  192  47:33  Photon Cannon  
  192  47:34  Photon Cannon  
  192  47:35  Photon Cannon  
  192  47:41  Photon Cannon  
  192  47:44  Photon Cannon  
  192  47:47  Pylon  
  192  47:53  Pylon  
  191  48:30  Pylon  
  191  48:31  Pylon  
  191  49:02  Photon Cannon  
  166  49:25  Tempest x3  
  181  49:53  Photon Cannon  
  181  50:08  Tempest x3  
  196  50:17  Charge  
  196  50:21  Gravitic Boosters  
  196  51:01  Photon Cannon  
  196  51:03  Photon Cannon  
  196  51:05  Photon Cannon  
  196  51:08  Photon Cannon  
  196  51:10  Photon Cannon  
  196  51:11  Photon Cannon  
  196  51:18  Gravitic Drive  
  196  51:20  Photon Cannon  
  196  51:23  Photon Cannon  
  196  51:25  Photon Cannon  
  196  51:58  Blink  
  196  52:12  Photon Cannon  
  196  52:15  Extended Thermal Lance  
  196  53:12  Photon Cannon  
  196  53:13  Photon Cannon  
  196  53:16  Photon Cannon  
  196  53:17  Photon Cannon  
  196  53:20  Photon Cannon x2  
  196  53:22  Photon Cannon  
  196  53:29  Photon Cannon  
  196  53:31  Photon Cannon x2  
  196  53:33  Photon Cannon  
  196  53:35  Photon Cannon  
  196  53:40  Photon Cannon  
  196  53:43  Photon Cannon  
  196  53:44  Photon Cannon  
  196  53:59  Resonating Glaives  
  160  55:05  Carrier  
  160  55:06  Carrier x2  
  149  56:10  Carrier x3  
  165  57:08  Photon Cannon  
  165  57:13  Photon Cannon x2  
  165  57:14  Carrier x3  
  165  57:15  Photon Cannon  
  183  57:36  Photon Cannon  
  183  57:38  Photon Cannon  
  183  57:39  Photon Cannon  
  183  57:40  Photon Cannon  
  183  57:47  Photon Cannon  
  183  58:18  Tempest, Carrier x2  
  184  60:35  Carrier x2  
  190  61:27  Observer  
  190  61:30  Carrier  
  197  62:44  Photon Cannon x2  
  197  62:53  Photon Cannon x2  
  197  62:55  Photon Cannon  
  197  62:57  Photon Cannon  
  197  62:59  Photon Cannon  
Show
View Real Time Build Order
Export as new Build Order

Delta Protoss 

Build Orders:  

Get SALT Encoding   

  12  0:02  Probe (Chrono Boost)  
  13  0:11  Probe (Chrono Boost)  
  14  0:29  Pylon  
  14  0:33  Probe  
  15  0:40  Assimilator  
  15  0:47  Probe  
  15  0:48  Assimilator  
  16  0:55  Pylon  
  16  1:03  Forge  
  16  1:23  Gateway  
  16  1:25  Probe (Chrono Boost)  
  17  1:35  Probe (Chrono Boost)  
  17  1:39  Probe (Chrono Boost)  
  19  2:00  Pylon  
  19  2:07  Photon Cannon  
  19  2:11  Probe (Chrono Boost)  
  20  2:21  Probe (Chrono Boost)  
  21  2:26  Probe (Chrono Boost)  
  22  2:32  Photon Cannon  
  22  2:42  Probe  
  23  2:49  Cybernetics Core  
  23  2:56  Pylon  
  23  3:11  Gateway  
  23  3:26  Pylon  
  23  3:34  Photon Cannon  
  23  3:48  Shield Battery  
  23  3:58  Nexus  
  23  4:11  Photon Cannon  
  23  4:18  Stalker  
  23  4:20  Warp Gate (Chrono Boost)  
  25  4:37  Twilight Council  
  25  4:47  Photon Cannon  
  25  4:59  Gateway  
  25  5:14  Robotics Facility  
  25  5:26  Dark Shrine, Probe (Chrono Boost)  
  26  5:29  Probe (Chrono Boost)  
  27  5:40  Probe (Chrono Boost)  
  28  5:44  Probe (Chrono Boost)  
  28  5:49  Pylon  
  29  6:10  Protoss Ground Weapons Level 1  
  29  6:15  Observer  
  30  6:21  Stargate  
  30  6:23  Pylon  
  30  6:27  Pylon  
  30  6:30  Gateway  
  30  6:37  Photon Cannon  
  30  6:42  Pylon  
  30  6:46  Zealot  
  32  6:47  Zealot  
  34  7:07  Stalker x2  
  30  7:32  Photon Cannon  
  30  7:38  Pylon  
  30  7:47  Probe (Chrono Boost)  
  31  7:57  Probe (Chrono Boost)  
  32  8:02  Probe (Chrono Boost), Templar Archives  
  33  8:18  Photon Cannon  
  33  8:40  Photon Cannon, Probe (Chrono Boost)  
  34  8:48  Gateway  
  34  8:51  Probe (Chrono Boost)  
  35  8:55  Probe (Chrono Boost)  
  35  9:00  Gateway  
  36  9:07  Probe (Chrono Boost)  
  37  9:15  Shield Battery, Probe (Chrono Boost)  
  38  9:21  Probe  
  38  9:23  Photon Cannon  
  39  9:30  Pylon  
  39  9:33  Probe (Chrono Boost)  
  40  9:39  Void Ray  
  40  9:44  Probe (Chrono Boost)  
  45  9:49  Probe (Chrono Boost)  
  47  9:53  Probe (Chrono Boost)  
  47  9:56  Probe (Chrono Boost)  
  47  9:57  High Templar x2  
  47  9:58  High Templar x2  
  47  9:59  High Templar x2  
  60  10:01  Probe (Chrono Boost)  
  60  10:03  Archon x3  
  61  10:15  Shield Battery  
  61  10:17  Photon Cannon  
  61  10:24  Pylon  
  61  10:42  Probe (Chrono Boost)  
  62  10:43  Stargate  
  62  10:46  High Templar  
  62  10:47  High Templar x3  
  70  10:52  Probe (Chrono Boost), Archon x2  
  71  10:57  Probe (Chrono Boost)  
  72  11:05  Charge  
  68  11:27  Stalker x3  
  68  11:28  Stalker  
  76  11:49  Unknown  
  76  11:53  Unknown  
  76  12:04  Unknown  
  76  12:10  Unknown  
  76  12:30  Dark Templar  
  76  12:31  Dark Templar  
  76  12:33  Dark Templar  
  82  12:58  Fleet Beacon  
  82  13:01  Pylon  
  82  13:06  Pylon  
  82  13:11  Pylon  
  82  13:18  Pylon  
  82  13:21  Pylon  
  82  13:23  Pylon  
  82  13:26  Pylon  
  82  13:29  Pylon  
  82  13:32  Pylon  
  82  13:35  Pylon  
  82  13:37  Pylon  
  82  13:41  Pylon  
  82  13:44  Pylon  
  82  13:53  Mothership (Chrono Boost)  
  90  14:04  Tempest  
  90  14:08  Void Ray  
  99  14:14  High Templar x2  
  103  14:27  Archon  
  103  14:40  Gateway  
  103  14:44  Gateway  
  103  14:46  Gateway  
  103  14:48  Gateway  
  103  14:51  Oracle  
  103  14:52  Gateway  
  106  14:57  Gateway  
  106  14:59  Gateway  
  106  15:01  Gateway  
  106  15:05  Photon Cannon  
  106  15:06  Photon Cannon  
  106  15:09  Photon Cannon  
  100  15:33  Probe  
  101  15:45  Probe  
  102  15:57  Probe  
  102  16:03  Photon Cannon  
  103  16:05  Photon Cannon  
  103  16:07  Gateway  
  103  16:09  Probe  
  104  16:18  Photon Cannon  
  104  16:23  Photon Cannon  
  104  16:24  Gateway  
  104  16:31  Photon Cannon  
  104  16:33  Shield Battery  
  104  16:38  Shield Battery  
  104  16:40  Photon Cannon  
  104  16:47  Photon Cannon  
  104  16:52  Photon Cannon  
  104  16:55  Photon Cannon  
  104  16:58  Photon Cannon  
  104  17:07  Photon Cannon  
  104  17:09  Shield Battery  
  104  17:17  Robotics Bay  
  104  17:22  Pylon  
  104  17:25  Pylon  
  104  17:28  Pylon  
  104  17:31  Pylon  
  104  17:36  Carrier  
  110  17:48  Gateway  
  110  17:53  Forge  
  110  17:55  Photon Cannon  
  110  18:00  Shield Battery  
  110  18:07  Robotics Facility  
  110  18:32  Protoss Ground Armor Level 1  
  110  18:42  Colossus  
  110  18:48  Blink  
  113  19:00  Protoss Air Weapons Level 1  
  113  19:06  Pylon  
  113  19:11  Pylon  
  113  19:15  Gateway  
  113  19:18  Gateway  
  113  19:21  Gateway  
  113  19:26  Gateway  
  113  19:29  Pylon  
  113  19:33  Pylon  
  113  19:36  Pylon  
  113  19:40  Pylon  
  105  20:12  Stalker x2  
  103  20:14  Stalker x2  
  103  20:16  Stalker x2  
  103  20:17  Stalker x2  
  103  20:18  Stalker x2  
  103  20:19  Stalker  
  103  20:20  Stalker  
  123  20:21  Stalker  
  123  20:22  Stalker  
  127  20:53  Stalker x3  
  127  20:54  Stalker x3  
  127  20:55  Stalker x2  
  114  22:19  Tempest  
  114  22:20  Colossus  
  125  22:32  Mothership (Chrono Boost)  
  133  22:38  Protoss Air Armor Level 1  
  133  22:41  Tempest  
  133  22:43  Protoss Shields Level 1  
  138  23:00  Colossus  
  144  23:07  Pylon  
  143  23:36  Zealot  
  143  23:37  Zealot x6  
  143  23:38  Zealot x3  
  143  23:39  Zealot x3  
  143  23:40  Zealot x2  
  108  24:13  Stalker x4  
  108  24:15  High Templar  
  108  24:16  High Templar x6  
  124  24:17  High Templar x2  
  124  24:19  Probe  
  124  24:22  Archon x3  
  124  24:23  Archon  
  129  24:31  Probe  
  128  24:53  Protoss Ground Weapons Level 2  
Show
View Real Time Build Order
Export as new Build Order

IA (Difícil) Protoss 

Build Orders:  

Get SALT Encoding   

  12  0:01  Probe  
  13  0:13  Probe  
  14  0:19  Pylon  
  14  0:25  Probe  
  15  0:34  Probe  
  15  0:42  Probe  
  16  0:47  Assimilator  
  16  0:49  Gateway  
  17  0:52  Probe  
  18  1:00  Probe  
  18  1:03  Pylon  
  19  1:18  Probe  
  20  1:38  Zealot  
  22  1:40  Cybernetics Core  
  22  1:42  Gateway  
  22  1:43  Assimilator  
  22  2:00  Pylon  
  22  2:06  Stalker  
  22  2:22  Warp Gate  
  24  2:31  Zealot  
  26  2:44  Stalker  
  26  2:45  Pylon  
  28  3:01  Stalker  
  30  3:09  Stalker  
  30  3:11  Probe  
  33  3:23  Probe  
  33  3:25  Pylon  
  34  3:31  Stalker  
  36  3:35  Probe  
  37  3:45  Adept, Forge  
  37  3:48  Probe  
  40  4:00  Probe  
  40  4:01  Stalker  
  43  4:12  Probe  
  44  4:23  Adept  
  46  6:15  Protoss Ground Weapons Level 1  
  46  6:25  Adept, Probe  
  48  6:29  Gateway  
  48  6:31  Twilight Council  
  49  6:33  Pylon  
  49  6:34  Photon Cannon  
  49  6:35  Sentry, Photon Cannon  
  49  6:38  Probe  
  51  6:41  Stargate  
  51  6:45  Adept  
  51  6:46  Forge  
  53  6:49  Robotics Facility  
  53  6:50  Probe  
  52  6:54  Pylon  
  52  6:58  Sentry  
  50  7:07  Blink  
  50  7:08  Zealot  
  48  7:09  Protoss Ground Armor Level 1  
  46  7:21  Adept  
  48  7:31  Zealot  
  50  7:39  Observer  
  50  7:41  Adept  
  53  7:51  Adept  
  55  8:00  Observer  
  55  8:01  Adept  
  58  9:18  Probe  
  58  9:55  Observer  
  58  10:45  Warp Prism  
  58  10:51  Stalker x2  
  58  10:56  Protoss Ground Weapons Level 2  
  60  11:02  Gateway  
  60  11:05  Robotics Facility  
  60  11:06  Protoss Ground Armor Level 2  
  60  11:08  Stargate  
  60  11:10  Templar Archives  
  60  11:13  Pylon  
  60  11:17  Zealot  
  58  11:20  Observer  
  51  11:30  Sentry  
  51  11:32  Warp Prism  
  36  11:43  Stalker  
  40  11:52  Observer  
  41  11:56  Stalker  
  43  12:08  Warp Prism  
  43  12:09  High Templar  
  47  12:23  High Templar  
  49  12:37  High Templar, Archon  
  51  12:50  High Templar  
  53  13:04  High Templar, Archon  
  55  13:17  High Templar  
  57  13:30  Archon  
  57  13:31  High Templar  
  58  13:55  High Templar  
  60  14:08  Archon  
  60  14:31  Observer  
  61  14:52  Zealot  
  63  14:56  Adept  
  63  14:58  Pylon, Archon  
  63  14:59  Zealot  
  67  15:03  Zealot  
  69  15:10  Immortal  
  73  15:16  Zealot  
  73  15:19  Stalker  
  75  15:26  Pylon  
  66  15:28  Robotics Bay  
  66  15:30  Zealot  
  53  15:54  Observer  
  53  16:13  Stalker, Observer  
  53  16:16  Sentry  
  58  16:19  Observer  
  59  16:29  Stalker  
  61  16:38  Stalker  
  63  16:46  Stalker  
  65  17:05  Sentry  
  67  17:10  Adept  
  69  17:27  Immortal  
  73  17:56  High Templar  
  51  18:45  Twilight Council  
  26  19:14  Nexus  
Show
View Real Time Build Order
Export as new Build Order

IA (Difícil) Terran 

Build Orders:  

Get SALT Encoding   

  12  0:01  SCV  
  13  0:13  SCV  
  14  0:18  Supply Depot  
  14  0:25  SCV  
  15  0:39  SCV  
  16  0:43  Barracks  
  16  0:46  Refinery  
  16  0:51  SCV  
  17  1:04  SCV  
  18  1:16  SCV  
  18  1:17  Supply Depot  
  19  1:28  SCV  
  19  1:32  Marine  
  21  1:37  Barracks  
  21  1:41  Orbital Command  
  21  1:44  Refinery  
  21  1:51  Barracks Tech Lab  
  21  2:03  Supply Depot  
  21  2:09  Marauder  
  23  2:24  Marine  
  24  2:30  Marine  
  24  2:36  Supply Depot  
  25  2:41  Marine  
  26  2:48  Marauder  
  26  2:50  SCV  
  29  2:59  Marine  
  29  3:00  Engineering Bay  
  29  3:02  SCV  
  31  3:09  Marine  
  32  3:14  SCV  
  32  3:17  Marine  
  34  3:20  Supply Depot  
  34  3:26  SCV  
  35  3:28  Marauder  
  37  3:35  Marine  
  37  3:38  SCV  
  39  3:48  Marine  
  39  3:50  SCV  
  41  4:07  Marauder  
  43  5:16  Barracks Tech Lab  
  43  5:18  Stimpack, Terran Infantry Weapons Level 1, SCV  
  43  5:20  Factory  
  44  5:23  Factory  
  44  5:28  Missile Turret  
  44  5:30  SCV  
  44  5:34  Concussive Shells, Missile Turret  
  45  5:38  Barracks  
  45  5:53  Supply Depot  
  45  5:56  Bunker  
  45  6:00  SCV  
  43  6:05  Factory Tech Lab  
  43  6:07  Marine  
  43  6:09  Starport  
  42  6:12  Starport  
  42  6:13  Factory Tech Lab  
  42  6:15  Marine  
  42  6:16  Combat Shield  
  39  6:24  Marine  
  35  6:33  Marine  
  32  6:41  Marine  
  32  6:45  Starport Tech Lab  
  33  6:50  Starport Tech Lab  
  33  6:51  Hellion  
  32  6:55  Supply Depot, Hellion  
  32  7:03  Viking  
  32  7:05  SCV  
  28  7:10  Viking  
  28  7:12  Hellion  
  28  7:13  Terran Infantry Armor Level 1  
  26  7:17  Hellion, SCV  
  25  7:25  Marine  
  25  7:29  SCV  
  27  7:33  Viking  
  27  7:34  Hellion  
  26  7:40  Viking  
  26  7:41  SCV  
  18  7:45  Marine  
  13  7:53  SCV  
  13  7:54  Marauder  
  12  8:03  Viking, Hellion  
  16  8:11  Marine  
  14  8:19  Marine  
  4  10:18  Supply Depot  
  4  10:43  Barracks  
Show
View Real Time Build Order
Export as new Build Order

IA (Difícil) Protoss 

Build Orders:  

Get SALT Encoding   

  12  0:01  Probe  
  13  0:13  Probe  
  14  0:20  Pylon  
  14  0:25  Probe  
  15  0:34  Probe  
  16  0:43  Probe  
  16  0:46  Assimilator  
  17  0:50  Gateway  
  17  0:52  Probe  
  18  0:59  Pylon  
  18  1:00  Probe  
  19  1:17  Probe  
  20  1:37  Zealot  
  22  1:40  Cybernetics Core  
  22  1:45  Gateway, Assimilator  
  22  2:01  Pylon  
  22  2:06  Warp Gate  
  22  2:16  Adept  
  24  2:32  Zealot  
  26  2:38  Pylon  
  26  2:44  Adept  
  28  2:58  Adept  
  30  3:06  Stalker  
  30  3:13  Probe  
  30  3:19  Pylon  
  33  3:25  Probe  
  34  3:28  Adept  
  36  3:37  Adept, Probe  
  39  3:45  Forge  
  39  3:49  Probe  
  40  4:02  Probe  
  41  4:06  Stalker  
  43  4:14  Probe  
  44  4:19  Adept  
  46  4:32  Stalker  
  48  6:03  Protoss Ground Weapons Level 1  
  48  6:08  Probe  
  48  6:13  Zealot  
  48  6:16  Gateway  
  48  6:17  Probe  
  51  6:21  Pylon  
  51  6:23  Zealot  
  51  6:24  Photon Cannon  
  53  6:27  Probe  
  53  6:29  Photon Cannon  
  53  6:31  Robotics Facility  
  54  6:35  Stargate  
  54  6:38  Twilight Council  
  54  6:39  Stalker  
  56  6:41  Forge  
  56  6:43  Pylon  
  56  6:49  Stalker  
  58  7:02  Stalker  
  58  7:08  Pylon, Blink  
  60  7:12  Sentry  
  60  7:13  Protoss Ground Armor Level 1  
  62  7:20  Observer  
  62  7:21  Stalker  
  65  7:41  Observer  
  65  7:43  Probe  
  66  8:22  Probe  
  66  8:33  Stalker  
  56  8:43  Sentry  
  54  8:51  Observer  
  54  8:52  Zealot  
  54  9:01  Stalker  
  52  9:08  Probe  
  51  9:11  Stalker  
  51  9:14  Pylon  
  47  9:20  Stalker, Probe  
  44  9:29  Zealot  
  40  9:32  Probe  
  33  9:39  Stalker  
  33  9:44  Probe  
  32  9:48  Sentry  
  31  9:56  Probe  
  31  9:58  Zealot  
  26  10:07  Stalker  
  26  10:08  Probe  
  26  10:13  Photon Cannon  
  28  10:16  Stalker  
  28  10:20  Probe  
  29  10:26  Stalker  
  31  10:33  Probe  
  30  10:36  Zealot  
  32  10:45  Probe  
  32  10:47  Stalker  
  31  10:57  Probe  
  30  11:06  Stalker, Pylon  
  30  11:09  Pylon, Probe  
  31  11:30  Zealot, Cybernetics Core  
  33  12:10  Probe  
  30  12:22  Probe  
  30  12:25  Pylon  
  25  12:33  Probe  
  26  12:41  Probe  
  26  12:43  Templar Archives  
  26  12:49  Probe  
  28  13:01  Probe  
  29  13:13  Probe  
  30  13:25  Probe  
  31  13:30  High Templar  
  33  13:37  Probe  
  33  13:40  Gateway  
  34  13:49  Probe  
  35  13:58  High Templar  
  35  14:01  Probe  
  38  14:09  Archon  
  38  14:14  Probe  
  39  14:26  Probe, High Templar  
  42  14:32  Gateway  
  42  14:38  Probe  
  43  14:46  Probe  
  42  14:52  High Templar  
  42  14:54  Probe  
  42  14:59  Archon  
  45  15:04  Probe  
  46  15:16  Probe  
  46  15:20  High Templar  
  49  15:28  Probe  
  50  15:49  High Templar  
  52  15:55  Archon  
  52  15:59  Warp Prism  
  54  16:11  Robotics Facility  
  53  16:29  Warp Prism  
  55  16:40  Stargate  
  55  16:57  Stalker, Observer  
  55  17:00  Warp Prism  
  60  17:15  Sentry  
  62  17:47  Stargate  
  62  17:57  Probe  
  62  18:01  Immortal  
  67  18:05  Probe  
  68  18:13  Stalker  
  70  18:45  Zealot  
  58  18:51  Stalker  
  48  18:58  Zealot  
  50  19:04  Sentry  
  52  19:20  Robotics Bay  
  52  19:58  Colossus  
  56  20:15  Stalker  
  56  20:19  Stalker  
  46  20:25  Zealot  
  46  20:29  Stalker  
  44  20:38  Stalker  
  44  20:42  Stalker  
  46  20:43  Warp Prism  
  46  20:45  Zealot  
  43  20:52  Stalker  
  43  20:54  Probe  
  36  21:01  Zealot  
  31  21:05  Stalker  
  31  21:07  Probe  
  31  21:08  Stalker  
  26  21:11  Pylon  
  26  21:12  Stalker  
  26  21:16  Pylon  
  26  21:19  Probe, Warp Prism  
  26  21:21  Pylon  
  26  21:25  Pylon  
  20  21:27  Gateway  
  20  21:31  Probe  
  7  21:44  Pylon  
  6  21:47  Pylon  
  6  21:52  Pylon  
  5  21:54  Pylon  
  5  21:58  Pylon  
  2  22:21  Zealot  
Tags
 
Add a new tag
Caveats
  • Supply blocks, unpowered buildings, or Contaminate may cause inaccurate times.
  • Supply counts are checked every 10 seconds.